Map: Dusk Towers

Players

Chris (MCanning) - Winner!

  • Race: Protoss Protoss
  • League: Diamond

DeadSaint

  • Race: Zerg Zerg
  • League: Diamond

VOD

Have the link to the VOD?

Description

Time

  • Played on: Nov. 11, 2015, 11:29 p.m.
  • Length: 21:58
Show
View Real Time Build Order
Export as new Build Order

Chris Protoss - Winner!

Build Orders: Nexus First 

Get SALT Encoding   

  12  0:01  Probe (Chrono Boost)  
  13  0:12  Probe (Chrono Boost)  
  14  0:20  Pylon  
  14  0:22  Probe (Chrono Boost)  
  15  0:38  Probe (Chrono Boost)  
  16  0:48  Probe (Chrono Boost)  
  17  0:58  Nexus  
  17  1:08  Gateway  
  17  1:12  Probe (Chrono Boost)  
  18  1:21  Assimilator  
  18  1:23  Probe (Chrono Boost)  
  19  1:27  Assimilator  
  19  1:33  Probe (Chrono Boost)  
  19  1:39  Pylon  
  20  1:44  Probe (Chrono Boost)  
  21  1:54  Probe (Chrono Boost)  
  22  2:05  Probe (Chrono Boost)  
  22  2:06  Cybernetics Core  
  23  2:10  Probe (Chrono Boost)  
  25  2:15  Probe (Chrono Boost)  
  25  2:21  Probe (Chrono Boost)  
  26  2:26  Probe (Chrono Boost)  
  27  2:31  Probe (Chrono Boost)  
  27  2:36  Probe (Chrono Boost)  
  29  2:42  Probe (Chrono Boost), Adept  
  29  2:43  Warp Gate (Chrono Boost)  
  32  2:47  Mothership Core (Chrono Boost)  
  34  2:52  Probe (Chrono Boost)  
  35  2:59  Gateway  
  35  3:03  Probe (Chrono Boost)  
  36  3:06  Probe (Chrono Boost)  
  36  3:09  Stalker  
  39  3:14  Probe (Chrono Boost), Pylon  
  39  3:16  Probe (Chrono Boost)  
  41  3:24  Probe (Chrono Boost)  
  43  3:27  Probe (Chrono Boost)  
  43  3:33  Pylon  
  43  3:35  Probe (Chrono Boost)  
  43  3:37  Probe (Chrono Boost)  
  43  3:40  Gateway  
  45  3:44  Gateway  
  45  3:45  Probe (Chrono Boost)  
  45  3:48  Sentry x2 (Chrono Boost), Probe (Chrono Boost)  
  51  3:55  Probe (Chrono Boost)  
  51  3:58  Probe (Chrono Boost)  
  53  4:05  Probe  
  53  4:09  Probe, Pylon  
  55  4:14  Sentry (Chrono Boost), Gateway x2  
  56  4:17  Twilight Council, Probe  
  56  4:19  Pylon  
  57  4:26  Assimilator  
  57  4:27  Assimilator  
  57  4:31  Probe  
  57  4:33  Pylon  
  58  4:38  Robotics Facility  
  58  4:42  Pylon  
  56  4:49  Probe  
  56  4:50  Probe  
  58  4:55  Sentry  
  58  4:56  Sentry  
  58  4:58  Zealot  
  62  5:07  Probe (Chrono Boost)  
  62  5:09  Blink (Chrono Boost)  
  62  5:10  Probe (Chrono Boost)  
  64  5:19  Probe (Chrono Boost)  
  65  5:23  Adept x3  
  65  5:26  Nexus  
  65  5:27  Pylon  
  71  5:29  Pylon  
  71  5:30  Probe (Chrono Boost)  
  71  5:31  Probe (Chrono Boost)  
  73  5:36  Pylon  
  73  5:40  Probe (Chrono Boost)  
  74  5:44  Probe (Chrono Boost)  
  74  5:45  Pylon  
  74  5:47  Observer (Chrono Boost)  
  76  5:56  Gateway  
  76  6:05  Pylon  
  76  6:06  Observer (Chrono Boost)  
  76  6:08  Probe x2  
  76  6:09  Gateway  
  79  6:13  Robotics Bay  
  79  6:16  Gateway  
  79  6:17  Zealot  
  81  6:19  Gateway, Probe  
  81  6:21  Probe  
  83  6:30  Probe (Chrono Boost), Observer (Chrono Boost)  
  85  6:33  Probe (Chrono Boost)  
  85  6:34  Stalker  
  85  6:35  Stalker, Pylon  
  85  6:38  Probe (Chrono Boost)  
  91  6:42  Probe (Chrono Boost)  
  91  6:44  Probe (Chrono Boost)  
  93  6:48  Probe (Chrono Boost)  
  93  6:51  Adept x3  
  93  6:52  Adept  
  93  6:54  Probe (Chrono Boost)  
  103  7:03  Disruptor (Chrono Boost), Forge  
  103  7:06  Forge  
  106  7:16  Adept x4  
  106  7:17  Adept  
  116  7:23  Adept x4  
  116  7:29  Assimilator  
  124  7:32  Adept, Protoss Ground Weapons Level 1, Protoss Ground Armor Level 1  
  124  7:34  Assimilator  
  124  7:36  Disruptor (Chrono Boost)  
  129  7:40  Pylon  
  129  7:46  Adept x3  
  135  7:52  Pylon  
  124  8:06  Disruptor (Chrono Boost)  
  124  8:08  Adept  
  124  8:09  Adept x6  
  124  8:10  Adept  
  131  8:25  Adept x2  
  123  8:39  Disruptor (Chrono Boost)  
  110  8:42  Stalker  
  110  8:43  Stalker x4  
  110  8:44  Stalker  
  112  8:57  Stalker x4  
  112  9:02  Pylon  
  120  9:03  Pylon  
  120  9:06  Pylon  
  120  9:12  Colossus (Chrono Boost)  
  126  9:20  Probe  
  126  9:23  Stalker x2, Nexus  
  131  9:25  Stalker  
  131  9:26  Stalker  
  131  9:29  Extended Thermal Lance  
  133  9:31  Zealot x3  
  133  9:32  Zealot  
  141  9:40  Stalker x2  
  145  9:51  Photon Cannon  
  145  9:56  Photon Cannon  
  143  10:02  Observer (Chrono Boost)  
  143  10:05  Stalker  
  143  10:06  Stalker x3  
  152  10:14  Stalker  
  152  10:15  Stalker  
  152  10:18  Probe  
  155  10:24  Stalker x2  
  155  10:25  Stalker x2  
  134  10:38  Disruptor (Chrono Boost)  
  128  10:44  Stalker  
  122  10:52  Probe  
  122  10:54  Probe  
  122  10:57  Stalker x6  
  128  11:05  Protoss Ground Armor Level 2, Protoss Ground Weapons Level 2  
  128  11:14  Dark Shrine  
  128  11:15  Disruptor (Chrono Boost)  
  128  11:17  Nexus  
  131  11:19  Pylon  
  131  11:30  Mothership Core  
  133  11:36  Probe  
  133  11:37  Stalker x2  
  133  11:38  Stalker  
  140  11:46  Disruptor (Chrono Boost)  
  143  11:59  Adept x4  
  151  12:06  Pylon  
  151  12:10  Probe  
  151  12:12  Zealot x2  
  156  12:17  Disruptor (Chrono Boost)  
  156  12:20  Assimilator  
  159  12:25  Probe  
  159  12:26  Assimilator  
  159  12:29  Pylon  
  160  12:41  Stalker x3  
  166  12:47  Zealot  
  166  12:48  Disruptor (Chrono Boost)  
  171  12:54  Dark Templar  
  171  12:55  Dark Templar x2  
  171  12:57  Photon Cannon  
  177  12:58  Dark Templar  
  177  13:03  Archon  
  177  13:04  Archon  
  177  13:05  Dark Templar  
  181  13:12  Dark Templar  
  181  13:13  Dark Templar  
  181  13:15  Dark Templar  
  186  13:20  Observer (Chrono Boost)  
  186  13:22  Stalker x2  
  188  13:43  Protoss Ground Weapons Level 3, Protoss Ground Armor Level 3  
  188  13:44  Stalker x4  
  186  14:00  Probe  
  190  14:03  Disruptor (Chrono Boost)  
  190  14:06  Dark Templar x2  
  192  14:25  Nexus  
  192  14:26  Probe, Pylon  
  192  14:29  Pylon  
  193  14:35  Probe  
  193  14:37  Stalker x3  
  200  14:46  Stargate  
  200  14:47  Stargate  
  200  14:51  Photon Cannon  
  196  14:55  Assimilator  
  196  15:05  Photon Cannon  
  196  15:07  Photon Cannon  
  196  15:09  Charge  
  196  15:10  Pylon  
  196  15:14  Photon Cannon  
  196  15:16  Photon Cannon  
  196  15:17  Assimilator  
  196  15:18  Photon Cannon  
  192  15:25  Observer Gravitic Boosters, Observer (Chrono Boost)  
  184  15:50  Immortal (Chrono Boost)  
  184  15:57  Fleet Beacon  
  184  16:01  Robotics Facility  
  184  16:03  Dark Templar x2  
  184  16:04  Dark Templar x3  
  143  16:31  Probe, Immortal (Chrono Boost)  
  129  16:33  Dark Templar x3  
  129  16:37  Dark Templar  
  129  16:38  Archon  
  129  16:39  Archon  
  137  16:40  Archon  
  137  16:41  Archon  
  137  16:45  Zealot x4  
  137  16:46  Zealot x2  
  149  16:51  Probe  
  150  17:00  Nexus  
  150  17:02  Pylon  
  150  17:04  Pylon  
  149  17:13  Zealot x5  
  151  17:17  Immortal (Chrono Boost)  
  108  17:44  Dark Templar x4  
  108  17:50  Disruptor (Chrono Boost)  
  108  17:51  Dark Templar, Archon x2  
  119  17:56  Disruptor (Chrono Boost)  
  124  18:07  Zealot x3  
  130  18:16  Probe  
  115  18:29  Zealot x2  
  115  18:30  Zealot x3  
  121  18:35  Disruptor (Chrono Boost)  
  121  18:39  Probe  
  121  18:40  Probe  
  126  18:44  Disruptor (Chrono Boost)  
  126  18:46  Probe  
  130  18:51  Probe  
  131  19:01  Probe  
  132  19:06  Disruptor (Chrono Boost), Assimilator  
  132  19:09  Assimilator  
  138  19:19  Immortal (Chrono Boost), Dark Templar x2  
  138  19:23  Archon  
  143  19:27  Dark Templar  
  145  19:38  Immortal (Chrono Boost)  
  147  19:47  Dark Templar, Photon Cannon  
  147  19:50  Photon Cannon  
  147  19:51  Archon  
  149  19:53  Photon Cannon  
  149  19:55  Zealot  
  151  20:01  Immortal (Chrono Boost)  
  151  20:05  Dark Templar  
  157  20:08  Dark Templar  
  157  20:13  Archon  
  159  20:15  Stalker  
  159  20:17  Stalker  
  159  20:20  Observer (Chrono Boost)  
  164  20:39  Zealot x5, Photon Cannon  
  172  20:44  Observer (Chrono Boost)  
  173  21:03  Nexus  
  173  21:09  Probe  
  174  21:18  Dark Templar x2  
  174  21:19  Dark Templar x3  
  184  21:28  Dark Templar, Archon x2  
  184  21:32  Archon  
  186  21:34  Zealot x3  
  186  21:39  Pylon  
  192  21:40  Pylon  
Show
View Real Time Build Order
Export as new Build Order

DeadSaint Zerg 

Build Orders: Hatch First, Lurkers 

Get SALT Encoding   

  12  0:01  Drone  
  13  0:12  Overlord  
  13  0:18  Drone  
  14  0:24  Extractor  
  14  0:26  Drone  
  15  0:33  Drone  
  15  0:34  Drone  
  17  0:53  Hatchery  
  17  0:56  Drone  
  17  0:58  Drone  
  18  1:04  Extractor  
  18  1:07  Drone  
  18  1:17  Spawning Pool  
  17  1:22  Drone  
  18  1:28  Drone  
  19  1:46  Hatchery  
  18  1:53  Drone  
  19  2:03  Drone  
  19  2:04  Queen  
  19  2:05  Drone  
  24  2:08  Zergling x2  
  24  2:14  Zergling x2  
  25  2:17  Zergling x2  
  25  2:22  Drone  
  27  2:27  Zergling x2  
  28  2:33  Overlord  
  28  2:39  Overlord  
  28  2:40  Metabolic Boost  
  28  2:49  Extractor  
  28  2:50  Extractor, Queen  
  28  2:53  Drone x3  
  34  2:58  Drone  
  34  2:59  Drone  
  34  3:04  Drone  
  36  3:09  Drone  
  36  3:10  Drone  
  38  3:15  Drone  
  38  3:16  Baneling Nest, Drone  
  38  3:18  Drone  
  40  3:21  Drone  
  40  3:23  Drone  
  40  3:25  Drone  
  43  3:30  Overlord  
  43  3:34  Queen  
  43  3:37  Zergling x2  
  43  3:39  Zergling x2  
  47  3:41  Zergling x2  
  47  3:44  Zergling x2  
  47  3:47  Zergling x2  
  50  3:50  Drone x2  
  50  3:51  Zergling x2  
  50  3:53  Overlord  
  50  3:55  Zergling x2  
  54  4:00  Zergling x2  
  54  4:01  Zergling x6  
  58  4:04  Overlord  
  58  4:08  Baneling x2  
  58  4:09  Baneling x3  
  58  4:13  Zergling x6  
  61  4:18  Zergling x2  
  61  4:20  Zergling x6  
  61  4:24  Drone x2  
  66  4:28  Drone  
  66  4:30  Drone x2  
  69  4:32  Drone x2  
  67  4:47  Zergling x2  
  67  4:48  Zergling x6  
  67  4:52  Extractor  
  68  4:53  Lair  
  68  4:54  Evolution Chamber, Drone x2  
  68  4:55  Evolution Chamber  
  67  5:06  Zergling x6  
  62  5:08  Drone  
  58  5:17  Drone x3  
  61  5:23  Drone x3, Extractor  
  61  5:24  Drone  
  61  5:27  Zerg Melee Weapons Level 1  
  64  5:31  Drone x2  
  66  5:37  Drone x2  
  66  5:39  Overlord  
  67  5:44  Drone  
  67  5:45  Drone x2  
  67  5:48  Drone x3  
  67  5:49  Overlord x2  
  73  5:54  Hydralisk Den  
  73  5:55  Drone  
  73  5:58  Overlord, Extractor  
  73  5:59  Extractor  
  73  6:00  Drone  
  73  6:01  Drone x2  
  74  6:05  Drone x2  
  74  6:10  Drone  
  77  6:16  Zergling x6  
  77  6:17  Hatchery, Zergling x10  
  84  6:25  Zergling x4  
  86  6:28  Lurker Den  
  86  6:32  Drone x3  
  89  6:33  Drone  
  89  6:35  Extractor  
  89  6:36  Zergling x2  
  90  6:43  Overseer  
  90  6:47  Hydralisk x4  
  90  6:49  Zergling x2  
  90  6:50  Zergling x6  
  102  7:00  Zerg Ground Armor Level 1  
  102  7:04  Overlord  
  102  7:12  Drone  
  102  7:13  Drone x3  
  102  7:14  Overlord x2  
  106  7:16  Overlord  
  106  7:23  Hydralisk  
  106  7:24  Hydralisk x3  
  106  7:28  Overlord  
  114  7:31  Zergling x10  
  119  7:37  Hydralisk  
  119  7:38  Hydralisk x3  
  119  7:41  Zergling x2  
  119  7:44  Overlord x3  
  128  7:45  Overlord  
  128  7:53  Overseer  
  117  8:08  Lurker x2  
  117  8:09  Lurker x2  
  117  8:10  Hydralisk x2  
  120  8:13  Zergling x2  
  120  8:14  Zergling x24  
  120  8:19  Hydralisk  
  121  8:26  Zergling x4  
  120  8:38  Hydralisk x3  
  123  8:43  Zergling x4  
  120  8:50  Hydralisk  
  122  9:01  Zergling x6  
  127  9:02  Lurker  
  127  9:03  Lurker x3  
  127  9:05  Zergling x4  
  127  9:06  Hatchery  
  127  9:09  Hatchery  
  129  9:10  Hatchery, Muscular Augments  
  129  9:12  Zergling x2  
  129  9:14  Hydralisk  
  129  9:17  Zergling x2  
  132  9:37  Hydralisk x6  
  133  9:59  Drone  
  134  10:00  Drone x9  
  134  10:02  Zerg Ground Armor Level 2, Zerg Melee Weapons Level 2  
  143  10:12  Zergling x8  
  140  10:21  Hydralisk x2  
  140  10:22  Hydralisk x2  
  147  10:28  Hydralisk  
  147  10:29  Hydralisk  
  128  10:37  Hydralisk  
  128  10:38  Hydralisk  
  119  10:43  Hydralisk x3  
  119  10:48  Hydralisk  
  115  10:52  Zergling x2  
  115  10:53  Zergling x18  
  115  10:55  Queen  
  115  10:56  Queen  
  122  11:04  Zergling x2  
  122  11:05  Zergling x8  
  122  11:07  Pneumatized Carapace  
  122  11:10  Spine Crawler  
  122  11:11  Spine Crawler  
  125  11:13  Spine Crawler  
  125  11:15  Extractor  
  125  11:16  Spine Crawler  
  125  11:17  Extractor  
  121  11:24  Infestation Pit  
  121  11:25  Lurker  
  121  11:26  Lurker x2  
  121  11:27  Zergling x28  
  121  11:30  Overlord x3  
  137  11:41  Spine Crawler x2  
  137  11:42  Lurker x2  
  136  11:59  Overlord x2, Hydralisk x3  
  136  12:00  Hydralisk x4  
  149  12:05  Zergling x10  
  149  12:06  Zergling x12  
  160  12:17  Hive, Zergling x2  
  160  12:18  Zergling x26  
  160  12:22  Lurker  
  175  12:23  Lurker  
  176  12:32  Lurker x2  
  176  12:34  Zergling x2  
  176  12:35  Zergling x16  
  187  12:46  Hydralisk  
  187  12:47  Hydralisk x5  
  199  12:54  Extractor  
  198  13:00  Extractor  
  198  13:02  Zergling x4  
  199  13:32  Spire x2, Ultralisk Cavern  
  197  13:36  Zergling x4  
  199  13:46  Overseer x2  
  193  14:07  Spore Crawler, Spine Crawler  
  193  14:08  Spine Crawler  
  190  14:10  Spine Crawler  
  190  14:11  Spine Crawler  
  188  14:20  Zerg Ground Armor Level 3, Zerg Melee Weapons Level 3  
  188  14:22  Chitinous Plating  
  187  14:30  Ultralisk x2  
  191  15:10  Ultralisk  
  192  15:23  Ultralisk  
  191  15:49  Ultralisk  
  192  15:50  Ultralisk x7  
  192  15:58  Zergling x12  
  168  16:23  Zergling x4  
  168  16:24  Zergling x32  
  164  16:30  Hydralisk  
  164  16:31  Hydralisk x10  
  177  16:34  Overseer x2  
  177  16:35  Overseer  
  156  17:14  Ultralisk x2  
  107  17:32  Zergling x2  
  107  17:33  Zergling x22  
  101  17:59  Hydralisk x3  
  101  18:02  Hatchery  
  99  18:17  Ultralisk  
  86  18:27  Zergling x2  
  86  18:28  Zergling x10  
  74  18:42  Ultralisk  
  80  18:58  Pathogen Glands  
  80  19:14  Ultralisk  
  82  19:36  Infestor  
  82  19:37  Infestor x3  
  90  19:52  Ultralisk  
  96  20:04  Ultralisk  
  102  20:14  Ultralisk  
  108  20:50  Ultralisk x2  
  108  20:54  Overlord  
  105  21:14  Zergling x22  
  114  21:22  Hatchery  
Tags
 
Add a new tag
Caveats
  • Supply blocks, unpowered buildings, or Contaminate may cause inaccurate times.
  • Supply counts are checked every 10 seconds.